 Dungeon Crawl Stone Soup version 0.29.0-11-gd7f09526c8 (webtiles) character file.

Game seed: 12341387292600298769

18812 Artool the Fighter (level 12, -13/162 HPs)
             Began as a Demonspawn Berserker on Sept 6, 2022.
             Was an Elder of Trog.
             Mangled by a merfolk
             ... wielding a +0 trident
              (19 damage)
             ... on level 3 of the Lair of Beasts.
             The game lasted 01:18:37 (15845 turns).

Artool the Fighter (Demonspawn Berserker)          Turns: 15845, Time: 01:18:38

Health: -13/162    AC: 12    Str: 29    XL:     12   Next: 31%
Magic:  10/10      EV: 15    Int: 11    God:    Trog [****..]
Gold:   1604       SH:  0    Dex: 14    Spells: 11/11 levels left

rFire   + . .      SeeInvis .   a - +2 whip (flame)
rCold   . . .      Faith    .   (no shield)
rNeg    . . .      Spirit   .   u - +1 scale mail of the Engineer {rPois Slay+5}
rPois   +          Reflect  .   (helmet restricted)
rElec   .          Harm     .   F - +0 cloak
rCorr   .          Rampage  .   (no gloves)
Will    .....                   (no boots)
Stlth   ..........              (no amulet)
HPRegen 0.37/turn               e - +6 ring of strength
MPRegen 0.12/turn               d - ring of the Neverending Bones {rF+ Str+2 Slay+4}

@: mighty, berserking, very quick
A: antennae 2, ignite blood 1, powered by pain 2, big brain 1, low MP 1, robust
1, shaggy fur 1, evolution 1
a: Renounce Religion, Berserk, Trog's Hand, Brothers in Arms


You were on level 3 of the Lair of Beasts.
You worshipped Trog.
Trog was greatly pleased with you.
You visited 2 branches of the dungeon, and saw 14 of its levels.
You also visited: Gauntlet.

You collected 1604 gold pieces.

Inventory:

Hand Weapons
 a - a +2 whip of flaming (weapon)
 b - a +2 whip of venom
 p - a +1 vampiric long sword
 v - the +7 Singing Sword {vorpal, sonic wave}
   (You found it in a Gauntlet)

   It inflicts extra damage upon your enemies.
   It radiates damaging sonic waves as it strikes, especially in combat
   involving dangerous or numerous foes.
Missiles
 m - 12 silver javelins
 z - 17 poisoned darts (quivered)
Armour
 q - a +3 chain mail
 u - the +1 scale mail of the Engineer (worn) {rPois Slay+5}
   (You found it on level 8 of the Dungeon)

   Slay:      It affects your accuracy & damage with ranged weapons and melee
   (+5).
   rPois:     It protects you from poison.
 F - a +0 cloak (worn)
Jewellery
 c - a ring of see invisible
 d - the ring of the Neverending Bones (right hand) {rF+ Str+2 Slay+4}
   (You found it in a Gauntlet)

   [ring of slaying]

   Str:       It affects your strength (+2).
   Slay:      It affects your accuracy & damage with ranged weapons and melee
   (+4).
   rF:        It protects you from fire.
 e - a +6 ring of strength (left hand)
 f - a ring of flight
 g - a +6 ring of strength
 k - a +6 ring of intelligence
 l - the ring "Biabion" {MP+9 Int+6 Slay+3}
   (You found it in a Gauntlet)

   [ring of intelligence]

   Int:       It affects your intelligence (+6).
   Slay:      It affects your accuracy & damage with ranged weapons and melee
   (+3).
   MP:        It affects your magic capacity (+9).
Wands
 w - a wand of mindburst (11)
 J - a wand of iceblast (12)
Scrolls
 o - 13 scrolls of identify
 t - a scroll of torment {unknown}
 x - 2 scrolls of summoning
 A - a scroll of magic mapping
 I - 6 scrolls of teleportation
Potions
 h - 3 potions of haste
 i - 2 potions of magic
 j - a potion of resistance
 r - 4 potions of curing
 s - a potion of might {unknown}
Miscellaneous
 n - a phantom mirror


   Skills:
 + Level 10.8 Fighting
 + Level 9.9 Maces & Flails
 + Level 9.7 Armour
 + Level 9.7 Dodging


You had 11 spell levels left.
You didn't know any spells.
Your spell library contained the following spells:

 Spells                   Type           Power      Damage    Failure   Level
 Magic Dart               Conj           0%         1d3       54%         1
 Summon Small Mammal      Summ           0%         N/A       54%         1
 Blink                    Tloc           0%         N/A       69%         2
 Call Imp                 Summ           0%         N/A       69%         2
 Static Discharge         Conj/Air       0%         3-3/arc   69%         2
 Call Canine Familiar     Summ           0%         N/A       89%         3
 Mephitic Cloud           Conj/Pois/Air  0%         N/A       89%         3
 Summon Guardian Golem    Hex/Summ       0%         N/A       89%         3
 Dispel Undead            Necr           0%         3d6       100%        4
 Sticky Flame             Conj/Fire      0%         2d3       100%        4
 Manifold Assault         Tloc           0%         N/A       100%        5
 Summon Forest            Summ/Tloc      0%         N/A       100%        5
 Summon Mana Viper        Hex/Summ       0%         N/A       100%        5
 Summon Cactus Giant      Summ           0%         N/A       100%        6
 Storm Form               Tmut/Air       0%         N/A       100%        7
 Chain Lightning          Conj/Air       0%         N/A       100%        9
 Fire Storm               Conj/Fire      0%         5d1       100%        9
 Shatter                  Erth           0%         3d5*      100%        9


Dungeon Overview and Level Annotations

Branches:
Dungeon (10/15)            Temple (0/1) D:5            Lair (4/5) D:9
 Shoals (0/4) Lair:3        Snake (0/4) Lair:3        Slime (0/5) Lair:4
Gauntlet (visited)
    Orc: D:9-12

Altars:
Ashenzari
Fedhas
Gozag
Hepliaklqana
Makhleb
Qazlal
Uskayaw
Vehumet
Wu Jian
Yredelemnul

Annotations:
D:2 Sigmund
D:7 2 transporters, Smoky173's ghost, novice HOFi
D:9 1 runed translucent door


Innate Abilities, Weirdness & Mutations

You have a pair of antennae on your head.
Your demonic aura sometimes causes spilled blood to erupt in flames.
You sometimes gain power by taking damage.
You have an unusually large brain. (Int +2)
Your magical capacity is low. (-10% MP)
You are robust. (+10% HP)
You are covered in fur. (AC +1)
You have hidden genetic potential.


Message History

The merfolk misses you.
You whack the water moccasin! You burn the water moccasin.
You kill the water moccasin!
Trog accepts your kill.
Found a staircase to the Shoals.
You feel sick.
The merfolk siren chants its luring song.
The merfolk hits you with a +0 trident!
* * * LOW HITPOINT WARNING * * *
You focus on the pain.
You feel very mighty all of a sudden.
You whack the merfolk siren! You burn the merfolk siren.
You punch the merfolk siren.
The merfolk siren is heavily wounded.
You feel sick.
The merfolk siren chants its luring song.
The merfolk misses you.
You whack the merfolk siren! You burn the merfolk siren.
The merfolk siren is almost dead.
You feel sick.
You are no longer poisoned.
The merfolk siren chants its luring song.
You whack the merfolk siren! You burn the merfolk siren.
You break out of your daze!
You kill the merfolk siren!
Trog accepts your kill.
Trog appreciates your killing of a magic user.
The merfolk misses you.
You miss the merfolk. The merfolk hits you with a +0 trident!
* * * LOW HITPOINT WARNING * * *
You whack the merfolk! You burn the merfolk.
The merfolk is moderately wounded.
You closely miss the merfolk.
The merfolk is moderately wounded.
The merfolk misses you.
You hit the merfolk. You burn the merfolk.
The merfolk is heavily wounded.
A red film seems to cover your vision as you go berserk!
You feel yourself moving faster!
You feel mighty!
The merfolk hits you with a +0 trident!!
You die...

##.##....## #.#..###
......#....# ##...#
......#....######...#
....<..#....#..P...##
...........<#.......#
........#....##...###
.......†..........#
.........)......###
..###)@)#.......#
#.~m........#######
#~~~.#........####..#
~~~...#.......##....##
>#..# #.......##.....# .#
..## #P##...#......##
...###########.........#.#
..........##.#...P##....###
....^....##....########...#


You could see a merfolk.

Vanquished Creatures
  A minotaur (Gauntlet)
  A catoblepas (Lair:1)
  A fire crab (Gauntlet)
  Pikel (D:6)
  A black mamba (Lair:1)
  2 merfolk sirens (Lair:3)
  A minotaur zombie (Gauntlet)
  6 komodo dragons
  4 cane toads
  A tengu conjurer (D:10)
  A polar bear (Lair:4)
  A merfolk (Lair:3)
  3 meliai (Gauntlet)
  5 blink frogs
  A hornet (D:7)
  6 dream sheep
  A slime creature (Lair:4)
  3 wyverns
  3 basilisks
  14 yaks
  2 fire bats (Gauntlet)
  2 steam dragons
  3 nagas
  2 swamp worms (Gauntlet)
  6 water moccasins
  2 orc warriors
  4 black bears
  2 ice beasts (D:5)
  3 ogres
  2 centaurs
  A lemure (D:6)
  A kobold brigand (D:7)
  Blork the orc (D:4)
  4 necrophages
  8 bullfrogs
  A gnoll sergeant (D:5)
  2 scorpions
  A wyvern zombie (D:7)
  14 killer bees
  An electric eel (Lair:4)
  2 howler monkeys (D:9)
  A centaur zombie (D:7)
  2 hounds
  A quasit (D:6)
  3 jellies
  3 gnoll boudas
  4 orc priests
  4 iguanas
  Terence (D:2)
  9 orc wizards
  5 hell rats (Lair:1)
  A killer bee zombie (D:7)
  20 gnolls
  6 adders
  5 river rats (Lair:1)
  A shadow imp (D:5)
  A white imp (D:6)
  An ufetubus (D:6)
  2 worms
  3 dart slugs
  30 orcs
  6 endoplasms
  3 giant cockroaches
  3 goblins
  7 hobgoblins
  2 jackals (D:1)
  9 kobolds
  2 quokkas (D:1)
  2 ball pythons
  A bat (D:1)
  5 frilled lizards
  A goblin zombie (D:6)
  4 hobgoblin zombies (D:6)
  A kobold zombie (D:6)
  2 orc skeletons (D:6)
  11 rats
283 creatures vanquished.

Vanquished Creatures (others)
  2 bushes (D:7)
  11 fungi
  60 plants
73 creatures vanquished.

Grand Total: 356 creatures vanquished

Notes
Turn   | Place    | Note
-------+----------+-------------------------------------------
     0 | D:1      | Artool the Demonspawn Berserker began the quest for the
                  | Orb.
     0 | D:1      | Reached XP level 1. HP: 18/18 MP: 1/1
    31 | D:1      | Found a faded altar of an unknown god.
   318 | D:1      | Gained mutation: You have a pair of small antennae on your
                  | head. [demonic ancestry]
   318 | D:1      | Reached XP level 2. HP: 16/24 MP: 2/2
  1356 | D:2      | Reached XP level 3. HP: 19/29 MP: 3/3
  1508 | D:2      | Noticed Terence
  1531 | D:2      | Killed Terence
  1973 | D:2      | Gained mutation: You have a pair of antennae on your head.
                  | [demonic ancestry]
  1973 | D:2      | Reached XP level 4. HP: 31/35 MP: 4/4
  2069 | D:2      | Noticed Sigmund
  2380 | D:3      | Reached ** piety under Trog
  2595 | D:3      | Reached XP level 5. HP: 42/42 MP: 5/5
  3077 | D:4      | Noticed Blork the orc
  3092 | D:4      | Killed Blork the orc
  3093 | D:4      | Reached skill level 4 in Fighting
  3102 | D:4      | Reached XP level 6. HP: 48/48 MP: 6/6
  3242 | D:4      | You fall into a shaft and drop 2 floors!
  3242 | D:6      | Found an ornate altar of the Wu Jian Council.
  3293 | D:5      | Entered Level 5 of the Dungeon
  3723 | D:5      | Gained mutation: You sometimes gain a little power by
                  | taking damage. [demonic ancestry]
  3723 | D:5      | Reached XP level 7. HP: 31/55 MP: 7/7
  3901 | D:6      | Reached skill level 5 in Fighting
  4356 | D:5      | Reached skill level 5 in Maces & Flails
  4356 | D:5      | Gained mutation: You have an unusually large brain. (Int
                  | +2) [demonic ancestry]
  4356 | D:5      | Reached XP level 8. HP: 54/63 MP: 8/8
  4425 | D:5      | Found a hazy altar of Hepliaklqana.
  4455 | D:5      | Found a broken altar of Ashenzari.
  4602 | D:5      | Found a radiant altar of Vehumet.
  4969 | D:5      | Reached skill level 6 in Fighting
  4969 | D:5      | Reached skill level 5 in Dodging
  4999 | D:5      | Reached skill level 5 in Armour
  5109 | D:5      | Found a staircase to the Ecumenical Temple.
  5865 | D:6      | Found a basalt altar of Yredelemnul.
  6459 | D:6      | Reached *** piety under Trog
  6569 | D:6      | Found a hide-covered altar of Uskayaw.
  6672 | D:6      | Found an opulent altar of Gozag.
  6697 | D:7      | Noticed Pikel
  6816 | D:6      | Killed Pikel
  6817 | D:6      | Gained mutation: Your demonic aura sometimes causes spilled
                  | blood to erupt in flames. [demonic ancestry]
  6817 | D:6      | Reached XP level 9. HP: 57/71 MP: 9/9
  6853 | D:6      | Reached skill level 7 in Fighting
  7261 | D:7      | Noticed Smoky173's ghost (novice HOFi)
  7286 | D:7      | Found a transporter.
  7294 | D:7      | Found a transporter.
  7618 | D:7      | Found a blossoming altar of Fedhas.
  8158 | D:8      | Identified the +1 scale mail of the Engineer {rPois Slay+5}
  8272 | D:8      | Reached **** piety under Trog
  8273 | D:8      | Reached XP level 10. HP: 74/80 MP: 10/10
  8368 | D:8      | Found a stormy altar of Qazlal.
  8625 | D:8      | Reached skill level 8 in Fighting
  9713 | D:9      | Found a runed translucent door.
  9938 | D:9      | Noticed a two-headed ogre
  9955 | D:10     | Entered Level 10 of the Dungeon
 10031 | D:10     | Reached skill level 9 in Fighting
 10187 | D:9      | Found a staircase to the Lair.
 10197 | Lair:1   | Entered Level 1 of the Lair of Beasts
 10213 | Lair:1   | Identified a scroll of acquirement
 10213 | Lair:1   | Acquired 668 gold pieces
 10395 | Lair:1   | Gained mutation: Your magical capacity is low. (-10% MP)
                  | [potion of mutation]
 10395 | Lair:1   | Gained mutation: You are covered in fur. (AC +1) [potion of
                  | mutation]
 10395 | Lair:1   | Gained mutation: You have hidden genetic potential. [potion
                  | of mutation]
 10461 | Lair:1   | Noticed a black mamba
 10481 | Lair:1   | Killed a black mamba
 10574 | Lair:1   | Noticed a catoblepas
 10587 | Lair:1   | Killed a catoblepas
 10588 | Lair:1   | Reached XP level 11. HP: 89/89 MP: 9/9
 11458 | Lair:1   | Found a burning altar of Makhleb.
 12224 | Lair:2   | Noticed a six-headed hydra
 12834 | Lair:2   | You fall into a shaft and drop 2 floors!
 12899 | Lair:4   | Gained mutation: You are robust. (+10% HP) [hidden
                  | potential]
 13123 | Lair:4   | Found a gate leading to a gauntlet.
 13131 | Gauntlet | Entered a Gauntlet
 13131 | Gauntlet | Found a transporter.
 13131 | Gauntlet | Found a transporter.
 13137 | Gauntlet | Found a transporter.
 13137 | Gauntlet | Noticed a wizard
 13152 | Gauntlet | Found a transporter.
 13170 | Gauntlet | Found a transporter.
 13183 | Gauntlet | Found a transporter.
 13200 | Gauntlet | Found a transporter.
 13283 | Gauntlet | Found a transporter.
 13288 | Gauntlet | Found a transporter.
 13290 | Gauntlet | Noticed a death scarab
 13299 | Gauntlet | Identified the ring of the Neverending Bones {rF+ Str+2
                  | Slay+4}
 13317 | Gauntlet | Noticed a fire crab
 13406 | Gauntlet | Found a transporter.
 13420 | Gauntlet | Found a transporter.
 13448 | Gauntlet | Killed a fire crab
 13449 | Gauntlet | Reached skill level 10 in Fighting
 13640 | Gauntlet | Found a large runed translucent door.
 13641 | Gauntlet | Found a large runed translucent door.
 13642 | Gauntlet | Found a large runed translucent door.
 13642 | Gauntlet | Found a large runed translucent door.
 13642 | Gauntlet | Found a runed translucent door.
 13643 | Gauntlet | Found a large runed translucent door.
 13644 | Gauntlet | Found a transporter.
 13644 | Gauntlet | Found a large runed translucent door.
 13645 | Gauntlet | Found a large runed translucent door.
 13645 | Gauntlet | Found a large runed translucent door.
 13646 | Gauntlet | Found a runed translucent gate.
 13655 | Gauntlet | Found a transporter.
 13656 | Gauntlet | Found a runed translucent door.
 13657 | Gauntlet | Found a large runed translucent door.
 13657 | Gauntlet | Found a large runed translucent door.
 13657 | Gauntlet | Found a large runed translucent door.
 13657 | Gauntlet | Found a large runed translucent door.
 13658 | Gauntlet | Found a large runed translucent door.
 13658 | Gauntlet | Found a large runed translucent door.
 13659 | Gauntlet | Found a large runed translucent door.
 13659 | Gauntlet | Found a large runed translucent door.
 13663 | Gauntlet | Found a runed translucent gate.
 13663 | Gauntlet | Found a runed translucent gate.
 13664 | Gauntlet | Found a transporter.
 14001 | Gauntlet | Identified the ring "Biabion" {MP+9 Int+6 Slay+3}
 14059 | Gauntlet | Found the +7 Singing Sword {vorpal, sonic wave}
 14059 | Gauntlet | Noticed a minotaur
 14078 | Gauntlet | Killed a minotaur
 14894 | Lair:3   | Found a staircase to the Snake Pit.
 14921 | Lair:4   | Gained mutation: You sometimes gain power by taking damage.
                  | [demonic ancestry]
 14921 | Lair:4   | Reached XP level 12. HP: 71/107 MP: 10/10
 15837 | Lair:3   | Found a staircase to the Shoals.
 15841 | Lair:3   | HP: 3/108 [merfolk/+0 trident (13)]
 15845 | Lair:3   | Mangled by a merfolk

Illustrated notes

Levels and vault maps discovered:
D:1:      eino_arrival_druids_welcome, layout_basic, basic_ecumenical_altar,
          ebering_dispersal_statue_hall
D:2:      layout_basic, basic_altar, uniq_terence, uniq_sigmund
D:3:      layout_basic
D:4:      layout_loops_ring, uniq_blork_the_orc
D:5:      layout_gridville, nicolae_vehumet_altar_sigil,
          mainiacjoe_overflow_chevrons, mainiacjoe_overflow_cross_hatched,
          lemuel_tele_altar, minmay_temple_entry_proselytizer
D:6:      layout_rooms, nicolae_wu_jian_immortal_techniques,
          nicolae_tso_besieged_by_evil,
          nicolae_gozag_cash_rules_everything_around_me,
          mainiacjoe_overflow_tiny_flanked, amcnicky_altar_gilded
D:7:      layout_rooms, fedhas_altar_decomposition, gammafunk_ghost_arena,
          uniq_pikel
D:8:      layout_loops_ring, kennysheep_mini_moat
D:9:      gammafunk_indiana_jones, layout_rooms, mainiacjoe_overflow_brackets,
          david_lair_shrubbed, minmay_misc_feat_room
D:10:     layout_small_grid, mainiacjoe_overflow_alcove_1, minmay_three_doors
Lair:1:   layout_regular_city, basic_altar, kennysheep_abandoned_house
Lair:2:   layout_regular_city, serial_bayou_crossing,
          infiniplex_staircase_pool_2, lemuel_fruit_fields, lemuel_fruit_tree
Lair:3:   layout_cave_pods, elwin_shoals_entry_stream,
          minmay_snake_entry_guardpost_small, chequers_serial_rivers_large_a,
          grunt_megastairs_1, serial_bayou_shore_b
Lair:4:   minmay_lair_oklob_chamber, layout_loops_ring,
          minmay_slime_entry_pillars, gauntlet_entry_generic,
          grunt_megastairs_3, serial_bayou_shore_a

Skill      XL: |  1  2  3  4  5  6  7  8  9 10 11 |
---------------+----------------------------------+-----
Armour         | 2 3 4 5 6 8 9 |  9.7
Dodging        | 2 3 4 5 6 8 9 |  9.7
Maces & Flails | 3 4 5 6 7 8 9 |  9.9
Fighting       | 4 5 6 7 9 10 | 10.8

Action                   |  1- 3 |  4- 6 |  7- 9 | 10-12 || total
-------------------------+-------+-------+-------+-------++-------
Melee: Mace              |    11 |       |       |       ||    11
       Dagger            |    17 |       |       |       ||    17
       Whip              |    94 |   116 |   492 |   482 ||  1184
       Punch             |     3 |     2 |    10 |     8 ||    23
Throw: Dart              |       |     2 |       |     5 ||     7
Invok: Berserk           |     1 |     3 |     7 |     9 ||    20
       Brothers in Arms  |       |       |       |     2 ||     2
  Use: Scroll            |       |       |     5 |     8 ||    13
       Potion            |       |       |       |    21 ||    21
Armor: Animal skin       |    17 |       |       |       ||    17
       Scale mail        |     3 |    33 |   183 |   137 ||   356
Dodge: Dodged            |    90 |    55 |   249 |   282 ||   676
